Map: [ESL] Site Delta

Players

ShoWTimE

  • Race: Protoss Protoss
  • League: Master
  • Spawn Location: 5:00

Oliveira - Winner!

  • Race: Terran Terran
  • Spawn Location: 11:00

Event: Bellum Gens Elite Stara Zagora 2024

VOD

Have the link to the VOD?

Description

Time

  • Played on: Sept. 8, 2024, 9:33 a.m.
  • Length: 19:13

All games in this series

Show
View Real Time Build Order
Export as new Build Order

ShoWTimE Protoss 

Build Orders: 1 Gate Expand, Blink Stalkers, Colossus Rush 

Get SALT Encoding   

  12  0:00  Probe  
  13  0:12  Probe  
  14  0:17  Pylon  
  14  0:24  Probe (Chrono Boost)  
  15  0:36  Gateway, Probe (Chrono Boost)  
  16  0:44  Probe (Chrono Boost)  
  16  0:46  Assimilator  
  17  0:50  Probe  
  18  1:03  Probe  
  19  1:15  Probe  
  20  1:23  Cybernetics Core  
  20  1:31  Nexus  
  20  1:34  Probe  
  21  1:42  Pylon  
  21  1:46  Probe  
  22  1:49  Assimilator  
  22  1:57  Adept (Chrono Boost)  
  22  1:58  Probe  
  25  2:02  Warp Gate  
  25  2:10  Probe  
  26  2:17  Adept (Chrono Boost)  
  28  2:23  Probe  
  28  2:27  Twilight Council  
  29  2:36  Probe (Chrono Boost)  
  30  2:43  Stalker, Probe (Chrono Boost)  
  34  2:52  Probe x2 (Chrono Boost)  
  34  2:57  Probe (Chrono Boost)  
  35  2:59  Probe  
  35  3:01  Gateway  
  37  3:09  Probe  
  37  3:11  Probe  
  39  3:13  Blink (Chrono Boost)  
  35  3:21  Probe  
  35  3:23  Probe  
  37  3:27  Robotics Facility  
  37  3:32  Gateway  
  37  3:34  Probe  
  38  3:35  Probe  
  38  3:40  Assimilator  
  39  3:45  Pylon  
  39  3:46  Probe  
  39  3:47  Probe  
  41  3:53  Stalker  
  41  3:54  Shield Battery  
  43  3:56  Stalker  
  43  3:58  Probe  
  46  4:03  Probe  
  46  4:06  Pylon  
  46  4:09  Assimilator  
  47  4:10  Probe  
  47  4:14  Observer  
  47  4:15  Probe  
  50  4:17  Stalker  
  50  4:22  Probe  
  52  4:26  Stalker  
  52  4:27  Probe  
  54  4:34  Probe  
  54  4:38  Observer  
  54  4:39  Probe  
  56  4:45  Robotics Bay  
  56  4:47  Probe  
  56  4:51  Probe  
  58  4:53  Nexus  
  58  4:57  Observer, Pylon  
  58  4:59  Probe  
  60  5:03  Pylon, Probe  
  61  5:11  Charge, Probe  
  62  5:15  Probe (Chrono Boost)  
  63  5:23  Forge, Probe (Chrono Boost)  
  63  5:28  Probe (Chrono Boost)  
  65  5:29  Colossus (Chrono Boost)  
  65  5:30  Pylon  
  65  5:34  Probe (Chrono Boost)  
  72  5:37  Probe (Chrono Boost)  
  72  5:39  Probe (Chrono Boost)  
  72  5:40  Extended Thermal Lance  
  72  5:42  Probe  
  74  5:49  Probe  
  76  5:51  Shield Battery, Sentry, Gateway  
  76  5:54  Probe  
  79  5:57  Protoss Ground Weapons Level 1  
  79  6:01  Gateway  
  79  6:05  Probe x2  
  81  6:13  Colossus (Chrono Boost)  
  81  6:16  Gateway  
  87  6:20  Sentry  
  89  6:26  Gateway  
  89  6:27  Gateway  
  89  6:29  Zealot x2  
  93  6:33  Pylon  
  93  6:42  Pylon  
  93  6:43  Zealot  
  95  6:47  Pylon  
  95  6:49  Pylon  
  95  6:50  Pylon  
  95  6:51  Zealot  
  95  6:53  Colossus (Chrono Boost)  
  97  6:57  Zealot x3  
  109  7:07  Zealot  
  111  7:12  Probe  
  111  7:14  Pylon  
  111  7:15  Zealot x2  
  116  7:19  Pylon  
  116  7:20  Zealot x4  
  116  7:22  Sentry  
  126  7:27  Zealot  
  128  7:31  Observer, Pylon  
  128  7:33  Warp Prism (Chrono Boost), Probe  
  131  7:45  Pylon  
  131  7:50  Zealot x6  
  142  8:00  Nexus  
  142  8:03  Pylon  
  142  8:07  Shield Battery  
  142  8:08  Disruptor (Chrono Boost)  
  142  8:11  Gravitic Drive  
  146  8:13  Protoss Ground Weapons Level 2 (Chrono Boost)  
  146  8:16  Probe x3  
  149  8:20  Pylon  
  149  8:26  Zealot x2  
  152  8:28  Zealot x2  
  138  8:42  Disruptor (Chrono Boost)  
  138  8:45  Photon Cannon  
  141  8:59  Pylon x2  
  141  9:06  Zealot x8  
  141  9:09  Disruptor (Chrono Boost)  
  153  9:11  Nexus  
  153  9:17  Pylon  
  153  9:24  Shield Battery  
  153  9:28  Robotics Facility, Probe x3  
  153  9:29  Shield Battery  
  156  9:34  Forge  
  156  9:40  Zealot x4  
  156  9:42  Disruptor (Chrono Boost)  
  168  9:54  Zealot x3  
  168  9:55  Zealot  
  176  10:03  Pylon  
  176  10:07  Protoss Ground Armor Level 1, Pylon  
  176  10:12  Disruptor (Chrono Boost), Photon Cannon  
  178  10:21  Zealot x5  
  188  10:24  Zealot, Disruptor (Chrono Boost)  
  180  10:38  Observer  
  180  10:39  Disruptor (Chrono Boost), Nexus  
  176  10:46  Zealot x3  
  181  10:52  Stalker x3  
  187  11:01  Zealot x2  
  180  11:21  Zealot x8  
  194  11:32  Disruptor (Chrono Boost)  
  176  11:34  Disruptor (Chrono Boost)  
  176  11:38  Protoss Ground Weapons Level 3 (Chrono Boost)  
  128  11:44  Zealot x4  
  128  11:45  Zealot x4  
  126  11:47  Probe x2  
  126  11:50  Probe  
  129  12:02  Disruptor (Chrono Boost), Observer  
  129  12:05  Zealot x8, Disruptor (Chrono Boost)  
  151  12:18  Probe x2  
  151  12:19  Probe  
  151  12:20  Shield Battery  
  154  12:25  Zealot x6  
  154  12:29  Protoss Shields Level 1 (Chrono Boost)  
  166  12:30  Shield Battery  
  166  12:31  Pylon x2  
  166  12:37  Observer x2 (Chrono Boost)  
  166  12:41  Pylon  
  167  12:48  Zealot x6  
  178  12:52  Zealot x2, Pylon  
  178  12:57  Shield Battery, Pylon  
  180  13:02  Disruptor (Chrono Boost)  
  180  13:03  Observer (Chrono Boost)  
  183  13:07  Pylon  
  183  13:09  Stalker x3  
  181  13:13  Pylon  
  181  13:21  Stalker x5  
  191  13:34  Zealot x3, Nexus  
  195  13:46  Zealot x2  
  199  13:53  Gateway  
  198  13:55  Gateway  
  198  13:58  Observer  
  198  13:59  Gateway  
  198  14:00  Gateway, Photon Cannon  
  198  14:01  Shield Battery  
  195  14:04  Zealot x2  
  195  14:05  Gravitic Boosters (Chrono Boost)  
  197  14:10  Stalker  
  197  14:25  Assimilator, Dark Shrine  
  197  14:36  Stalker x3  
  197  14:41  Protoss Shields Level 2 (Chrono Boost), Protoss Ground Armor Level 2 (Chrono Boost)  
  195  14:56  Disruptor (Chrono Boost)  
  195  15:20  Zealot x4  
  196  15:37  Colossus (Chrono Boost)  
  196  15:40  Probe x2  
  196  15:42  Stalker x3  
  170  15:43  Stalker x5  
  170  15:45  Colossus (Chrono Boost)  
  181  15:53  Zealot x4  
  187  16:01  Nexus  
  187  16:03  Pylon  
  179  16:13  Colossus (Chrono Boost)  
  185  16:21  Colossus (Chrono Boost)  
  185  16:23  Observer  
  185  16:25  Nexus  
  143  16:26  Observer  
  131  16:33  Pylon  
  131  16:36  Shadow Stride (Chrono Boost)  
  130  16:49  Zealot x5  
  140  16:55  Dark Templar  
  140  16:59  Observer  
  142  17:08  Observer  
  142  17:10  Zealot x2  
  142  17:23  Photon Cannon  
  138  17:31  Zealot  
  138  17:38  Zealot x2  
  138  17:40  Observer  
  138  17:42  Probe x2  
  143  17:48  Probe  
  143  17:51  Probe (Chrono Boost)  
  143  17:54  Probe (Chrono Boost)  
  143  17:55  Probe (Chrono Boost)  
  145  18:00  Zealot  
  145  18:03  Probe (Chrono Boost)  
  151  18:06  Probe x2 (Chrono Boost)  
  151  18:07  Probe (Chrono Boost)  
  151  18:12  Probe (Chrono Boost)  
  152  18:13  Probe x2 (Chrono Boost)  
  152  18:15  Probe (Chrono Boost)  
  152  18:17  Probe  
  140  18:27  Disruptor (Chrono Boost)  
  140  18:31  Zealot x5  
  139  18:35  Probe  
  139  18:38  Observer (Chrono Boost)  
  137  18:43  Assimilator, Zealot x2  
  137  18:46  Zealot  
  137  18:47  Assimilator  
  140  18:50  Observer (Chrono Boost)  
  134  18:56  Stalker x2  
Show
View Real Time Build Order
Export as new Build Order

Oliveira Terran - Winner!

Build Orders:  

Get SALT Encoding   

  12  0:00  SCV  
  13  0:12  SCV  
  14  0:17  Supply Depot  
  14  0:24  SCV  
  15  0:39  SCV  
  15  0:40  Barracks  
  16  0:44  Refinery  
  16  0:51  SCV  
  17  1:03  SCV  
  18  1:15  SCV  
  19  1:26  Marine  
  19  1:27  Orbital Command  
  20  1:40  Command Center  
  20  1:50  Factory  
  20  1:53  SCV  
  21  2:02  Supply Depot  
  21  2:03  Barracks Reactor  
  21  2:06  SCV  
  22  2:13  Refinery  
  22  2:18  SCV  
  23  2:30  SCV  
  24  2:38  Hellion  
  24  2:39  Starport  
  24  2:40  Marine x2  
  24  2:42  SCV  
  28  2:54  SCV  
  28  2:58  Marine x2  
  29  3:05  Widow Mine  
  34  3:08  Orbital Command  
  34  3:09  SCV  
  34  3:15  Orbital Command  
  34  3:16  Marine x2  
  36  3:21  Medivac  
  36  3:22  SCV  
  36  3:27  Widow Mine  
  41  3:34  Marine x2  
  42  3:35  SCV  
  42  3:37  Supply Depot  
  42  3:41  SCV  
  45  3:49  SCV, Factory Tech Lab  
  45  3:55  Starport Tech Lab  
  46  3:59  SCV, Marine x2  
  46  4:02  Supply Depot  
  49  4:04  SCV  
  49  4:08  Siege Tank  
  53  4:13  SCV  
  54  4:22  SCV  
  53  4:26  Raven  
  53  4:28  Interference Matrix, SCV  
  53  4:31  Barracks x2  
  53  4:34  SCV  
  53  4:37  Engineering Bay, Refinery  
  53  4:38  Supply Depot  
  52  4:40  SCV  
  52  4:44  Siege Tank  
  56  4:46  SCV  
  56  4:49  Bunker  
  58  4:52  SCV  
  58  4:53  Marine x2  
  58  4:58  SCV  
  61  5:01  Supply Depot  
  61  5:04  Terran Infantry Weapons Level 1  
  61  5:05  SCV  
  62  5:10  SCV  
  62  5:11  Armory  
  62  5:23  SCV  
  62  5:24  SCV  
  62  5:27  Refinery  
  62  5:28  Marine, Stimpack  
  65  5:32  Barracks Tech Lab  
  65  5:34  Supply Depot  
  65  5:35  SCV, Starport Reactor  
  66  5:36  Widow Mine  
  66  5:37  SCV  
  66  5:39  Supply Depot, Marine  
  70  5:43  Supply Depot, Marine  
  70  5:47  SCV  
  70  5:49  Marauder  
  74  5:50  SCV  
  74  5:51  Combat Shield, Marauder  
  77  5:57  Drilling Claws  
  77  5:58  Widow Mine  
  77  6:03  Marine x2  
  81  6:07  Supply Depot  
  81  6:10  Marauder  
  85  6:13  Medivac  
  85  6:14  Marauder  
  87  6:20  Widow Mine  
  87  6:22  Marine x2  
  87  6:24  Medivac  
  93  6:33  Marauder  
  93  6:36  Marauder, Command Center  
  97  6:40  Supply Depot  
  97  6:41  Widow Mine  
  97  6:44  Marine  
  100  6:47  Medivac  
  102  6:54  Marine  
  102  6:55  Marauder  
  102  6:56  Medivac  
  102  6:57  Marauder  
  109  7:04  Marine  
  109  7:05  Widow Mine  
  109  7:07  Terran Infantry Armor Level 1  
  106  7:10  Supply Depot  
  106  7:13  Barracks  
  106  7:14  SCV  
  107  7:16  Barracks  
  107  7:17  Marine  
  107  7:20  Marauder x2  
  112  7:24  Viking  
  112  7:28  SCV x2  
  116  7:30  Concussive Shells  
  116  7:33  Viking  
  118  7:42  Factory Reactor  
  118  7:44  Marauder  
  118  7:48  Marine x2  
  118  7:49  SCV x2  
  122  7:53  Ghost Academy, Marauder  
  124  8:00  Viking  
  124  8:03  Barracks Reactor  
  124  8:04  SCV  
  124  8:05  SCV  
  126  8:10  Marauder  
  128  8:12  Orbital Command  
  128  8:15  Supply Depot  
  128  8:19  Viking  
  130  8:25  SCV  
  131  8:34  Marine  
  125  8:40  Ghost x2  
  132  8:46  Ghost  
  132  8:47  Marine  
  135  8:50  SCV x2  
  135  8:51  SCV  
  135  8:52  Refinery x2, Viking  
  135  8:53  Viking  
  135  8:54  Supply Depot, Marine x2  
  140  8:58  Marine  
  139  9:04  SCV  
  139  9:05  Marine  
  139  9:08  SCV  
  139  9:09  SCV, Marauder, Widow Mine x2  
  146  9:13  Marine  
  146  9:14  Marauder  
  146  9:16  SCV  
  149  9:19  Bunker  
  149  9:20  Supply Depot  
  149  9:21  Supply Depot, SCV  
  149  9:22  Terran Infantry Weapons Level 2  
  150  9:27  Viking  
  150  9:29  SCV x2  
  154  9:32  Viking  
  154  9:36  SCV  
  157  9:41  Ghost, Engineering Bay  
  159  9:46  SCV x2, Ghost  
  159  9:50  Supply Depot  
  163  9:53  Ghost  
  163  9:54  Missile Turret  
  163  9:59  Supply Depot  
  165  10:12  Command Center, Terran Infantry Armor Level 2, Marauder  
  167  10:20  SCV  
  167  10:21  SCV  
  165  10:22  SCV  
  165  10:25  Marauder x2  
  165  10:27  Marine  
  166  10:29  Marine x2  
  166  10:34  Marauder, Medivac x2  
  171  10:36  SCV  
  171  10:38  SCV x2  
  173  10:46  Widow Mine x2  
  173  10:49  Marine x2  
  178  10:50  Marauder  
  178  10:55  Supply Depot  
  181  10:57  Terran Ship Weapons Level 1  
  181  10:58  Marauder  
  181  10:59  Marine  
  184  11:07  Marine x2, Marauder  
  184  11:09  Marine  
  189  11:17  Marauder, Widow Mine x2  
  195  11:24  Marine  
  195  11:25  Marauder  
  194  11:30  Marine  
  194  11:31  Marine, Marauder  
  167  11:35  Marine  
  167  11:37  Medivac x2  
  167  11:39  Marauder  
  147  11:40  SCV  
  147  11:42  Marine  
  147  11:46  Marine  
  149  11:47  Widow Mine x2  
  149  11:48  Marine x2  
  149  11:50  Bunker  
  149  11:51  SCV  
  149  11:52  SCV  
  149  11:53  Marine  
  160  11:55  Terran Infantry Weapons Level 3  
  158  12:04  Marine x2  
  158  12:05  Marauder  
  162  12:10  Ghost  
  162  12:11  Marine  
  163  12:16  Marine  
  163  12:18  Widow Mine  
  163  12:19  Widow Mine  
  163  12:22  Ghost  
  170  12:23  Planetary Fortress  
  170  12:31  Marauder  
  170  12:35  Marine  
  173  12:39  Marauder  
  175  12:44  Barracks  
  175  12:45  Terran Infantry Armor Level 3, Barracks, Sensor Tower  
  175  12:47  Barracks  
  175  12:50  Marine  
  175  12:51  Marine x2  
  178  12:53  Widow Mine x2  
  178  12:56  Personal Cloaking  
  182  12:59  Marauder  
  182  13:00  Marauder  
  182  13:03  SCV x2  
  188  13:11  Marauder  
  190  13:13  Marine  
  190  13:14  Marine  
  190  13:15  Marine  
  189  13:20  Marauder  
  189  13:23  Marine  
  189  13:24  Marauder  
  194  13:31  Marine  
  194  13:33  Command Center x2  
  195  13:37  Barracks Tech Lab x2  
  183  13:50  Barracks Tech Lab  
  183  13:54  Terran Ship Weapons Level 2, Starport  
  183  13:55  Fusion Core  
  183  13:56  Marauder  
  183  13:59  Marauder  
  183  14:02  Widow Mine x2  
  191  14:06  Refinery x2, Marauder  
  193  14:14  Marauder  
  193  14:15  Marauder  
  197  14:21  Nuke, Marine, Marauder  
  197  14:22  Marauder  
  197  14:24  Liberator x2, Marauder  
  193  14:37  Marauder  
  195  14:40  Starport Reactor  
  195  14:46  Advanced Ballistics  
  195  14:51  Marine  
  195  14:52  Marauder  
  197  15:03  Ghost  
  198  15:13  Marine x4, Marauder x2  
  184  15:17  Widow Mine x2  
  184  15:18  Marine x2, Marauder  
  184  15:19  Liberator x2  
  184  15:20  Liberator  
  195  15:28  Liberator  
  195  15:29  Command Center  
  195  15:35  Refinery  
  198  15:36  Nuke  
  196  15:49  Widow Mine x2  
  200  15:57  Sensor Tower  
  187  16:07  Liberator x3  
  187  16:08  Orbital Command, Ghost x2  
  187  16:09  Ghost  
  192  16:23  Marine  
  192  16:25  Marine  
  163  16:26  Marauder  
  163  16:29  Liberator  
  163  16:31  Ghost x2  
  160  16:36  Widow Mine x2  
  164  16:40  SCV x2  
  164  16:41  SCV  
  167  16:50  Liberator  
  170  16:56  Liberator  
  170  16:57  Marauder x2  
  170  17:00  Liberator  
  184  17:08  Marauder x2  
  184  17:11  Marauder  
  184  17:12  Marine x2  
  185  17:16  Orbital Command  
  185  17:27  Marauder  
  185  17:32  Missile Turret  
  185  17:34  Missile Turret  
  182  17:37  Liberator x2  
  182  17:44  Marauder x2  
  190  17:47  Marauder x3  
  190  17:49  Ghost  
  196  17:53  SCV x2  
  196  17:54  Planetary Fortress  
  192  18:05  Marauder x2  
  194  18:06  SCV  
  194  18:08  Marauder  
  194  18:09  Marauder x2  
  197  18:18  Marauder  
  199  18:27  Marine, Marauder x2  
  183  18:30  Marauder  
  178  18:35  Marauder x2  
  188  18:54  Marine  
  188  18:55  Marine  
Tags
 
Add a new tag
Caveats
  • Supply blocks, unpowered buildings, or Contaminate may cause inaccurate times.
  • Supply counts are checked every 10 seconds.